 Dungeon Crawl Stone Soup version 0.31.0-11-ge490571c62 (webtiles) character file.

Game seed: 13384689902645716896

4480 Aviak the Fighter (level 10, -2/80 HPs)
             Began as a Demonspawn Shapeshifter on Jan 26, 2024.
             Slain by a killer bee (7 damage)
             ... on level 7 of the Dungeon.
             The game lasted 00:12:36 (7885 turns).

Aviak the Fighter (Demonspawn Shapeshifter)         Turns: 7885, Time: 00:12:37

Health: -2/80      AC:  3    Str: 15    XL:     10   Next: 16%
Magic:  10/10      EV: 17    Int: 14    God:
Gold:   422        SH:  0    Dex: 13    Spells: 9/9 levels left

rFire   . .          .
                       - Unarmed
rCold   . . .        (shield currently unavailable)
rNeg    . . .        a - melded +0 animal skin
rPois   .            (helmet restricted)
rElec   .            (no cloak)
rCorr   .            (no gloves)
SInv    .            (no boots)
Will    .....        (no amulet)
Stlth   +            (no ring)
HPRegen 0.33/turn    (no ring)
MPRegen 0.12/turn

%: no passive effects
@: lethally poisoned (-2 -> -16), flux-form, glowing
A: glow, contaminating, claws 1, thin metallic scales 2, powered by death 1,
antennae 1, deterioration 1
a: Begin Untransformation


You were on level 7 of the Dungeon.
You were something dangerously unstable.
You visited 2 branches of the dungeon, and saw 9 of its levels.

You collected 422 gold pieces.

Inventory:

Missiles
 h - a throwing net (quivered) {!f}
Armour
 a - a +0 animal skin (melded)
 l - a +0 hat
 y - a +0 kite shield
Talismans
 c - a beast talisman
 d - a flux talisman (active)
Wands
 b - a wand of flame (16)
 j - a wand of mindburst (19)
 q - a wand of iceblast (1)
 z - a wand of polymorph (6)
Scrolls
 e - a scroll of immolation {unknown}
 f - 7 scrolls of identify {unknown}
 g - 4 scrolls of vulnerability {unknown}
 i - 2 scrolls of fear {unknown}
 k - 3 scrolls of enchant weapon {unknown}
 m - 2 scrolls of noise {unknown}
 t - a scroll of blinking {unknown}
 v - 2 scrolls of amnesia {unknown}
 w - 4 scrolls of teleportation {unknown}
 x - a scroll of summoning {unknown}
 A - a scroll of fog {unknown}
Potions
 n - a potion of invisibility {unknown}
 o - a potion of enlightenment
 u - a potion of curing {unknown}
 C - a potion of attraction {unknown}


   Skills:
 + Level 8.2 Fighting
 - Level 4.4 Dodging
 + Level 8.0 Unarmed Combat
 + Level 7.4 Shapeshifting


You had 9 spell levels left.
You didn't know any spells.
Your spell library contained the following spells:

 Spells                   Type           Power      Damage    Failure   Level
 Ensorcelled Hibernation  Hex/Ice        0%         N/A       41%         2
 Gell's Gravitas          Tloc           0%         N/A       65%         3
 Passwall                 Erth           0%         N/A       65%         3
 Swiftness                Air            0%         N/A       65%         3
 Teleport Other           Tloc           0%         N/A       65%         3
 Dispersal                Tloc           0%         N/A       100%        6


Dungeon Overview and Level Annotations

Branches:
Dungeon (8/15)             Temple (1/1) D:6
   Lair: D:8-11

Altars:
Cheibriados
Fedhas
Gozag
Hepliaklqana
Kikubaaqudgha
Okawaru
Qazlal
Ru
Sif Muna
Trog
Uskayaw
Vehumet
Wu Jian
Xom
Yredelemnul


Innate Abilities, Weirdness & Mutations

You are something dangerously unstable.
You glow with magical radiation, making you easy to see and hit.
Foes you strike become dangerously contaminated with magical radiation.
You are incapable of wielding weapons or throwing items.
You have sharp fingernails.
You are mostly covered in thin metallic scales. (AC +3)
You regenerate a little health from kills.
You have a pair of small antennae on your head.
Your body sometimes deteriorates upon taking damage.


Message History

You are more poisoned.
The killer bee poisons you!
You feel sick.
The killer bee completely misses you. x2
The killer bee stings you!
You feel very sick. The killer bee misses you. The killer bee stings you.
There is a stone staircase leading up, spattered with blood here.
You feel sick. The killer bee misses you. The killer bee stings you.
You are more poisoned.
The killer bee poisons you! The killer bee barely misses you.
The killer bee closely misses you. x2
You climb upwards.
You feel very sick.
There is a stone staircase leading down here.
You closely miss the killer bee.
The killer bee is almost dead.
You feel sick. The killer bee closely misses you. The killer bee stings you!
You are more poisoned.
The killer bee poisons you! The killer bee barely misses you. x2
The killer bee stings you but does no damage.
It was a potion of cancellation.
You feel magically purged.
You feel very sick. The killer bee closely misses you.
The killer bee stings you!
* * * LOW HITPOINT WARNING * * *
The killer bee closely misses you. The killer bee stings you.
* * * LOW HITPOINT WARNING * * *
The killer bee stings you.
* * * LOW HITPOINT WARNING * * *
You are lethally poisoned!
The killer bee poisons you! The killer bee closely misses you.
It was a potion of mutation.
You feel extremely strange.
You feel yourself wasting away. A pair of antennae grows on your head!
* * * LOW HITPOINT WARNING * * *
You feel very sick. The killer bee stings you.
* * * LOW HITPOINT WARNING * * *
The killer bee stings you.
* * * LOW HITPOINT WARNING * * *
The killer bee stings you!
You die...

###### ###############
#....# ..............##
#....#
#######..#.##..####....#
###..#.###.........#
#....#.#######.....# ###
#.##.#.............#
..###.#..#.......y.....#
#.......(†.†....p..#####
####.[.####....y.y.#
..#....####........#
...).....##........#########
.....##.[..[..........#....#
....#######........####....#
....# #........# #....#
....########....#######....#
...........................#


You could see 3 killer bees.

Vanquished Creatures
  Pikel (D:7)
  Grinder (D:4)
  Sigmund (D:3)
  4 yaks
  Menkaure (D:6)
  Edmund (D:4)
  An acid dragon (D:8)
  The ghost of blundermoth the Sneak, an amateur OpAl of Zin (D:3)
  3 water moccasins
  An orc warrior (D:6)
  3 ice beasts
  2 black bears
  3 centaurs
  A lemure (D:7)
  A kobold brigand (D:8)
  Blork the orc (D:5)
  A gnoll sergeant (D:7)
  5 bullfrogs
  2 scorpions
  3 wights (D:6)
  A killer bee (D:8)
  A howler monkey (D:4)
  2 bombardier beetles
  A hound (D:6)
  3 jellies
  An orc priest (D:7)
  2 sleepcaps
  3 iguanas
  3 orc wizards
  8 gnolls
  5 adders
  A white imp (D:3)
  4 ufetubi (D:6)
  2 ribbon worms (D:2)
  6 dart slugs
  20 orcs
  7 endoplasms
  6 giant cockroaches
  7 goblins
  11 hobgoblins
  2 jackals (D:3)
  4 quokkas
  6 ball pythons
  2 bats (D:3)
  4 frilled lizards
  15 kobolds
  5 rats
169 creatures vanquished.

Notes
Turn   | Place    | Note
-------+----------+-------------------------------------------
     0 | D:1      | Aviak the Demonspawn Shapeshifter began the quest for the
                  | Orb.
     0 | D:1      | Reached XP level 1. HP: 15/15 MP: 1/1
   122 | D:1      | Gained mutation: You are partially covered in thin metallic
                  | scales. (AC +2) [demonic ancestry]
   122 | D:1      | Reached XP level 2. HP: 20/21 MP: 2/2
   582 | D:1      | Gained mutation: You regenerate a little health from kills.
                  | [demonic ancestry]
   582 | D:1      | Reached XP level 3. HP: 17/26 MP: 3/3
  1543 | D:3      | Noticed Sigmund
  1651 | D:3      | Killed Sigmund
  1652 | D:3      | Reached XP level 4. HP: 26/34 MP: 4/4
  1652 | D:3      | Reached XP level 5. HP: 30/40 MP: 5/5
  1838 | D:3      | You fall into a shaft and drop 3 floors!
  1848 | D:6      | Noticed a black bear
  1851 | D:6      | Killed a black bear
  1852 | D:6      | Reached XP level 6. HP: 43/47 MP: 6/6
  1870 | D:6      | Noticed Menkaure
  1873 | D:6      | Killed Menkaure
  1897 | D:6      | Reached XP level 7. HP: 33/52 MP: 7/7
  1978 | D:6      | Found a staircase to the Ecumenical Temple.
  1991 | Temple   | Entered the Ecumenical Temple
  2336 | D:5      | Entered Level 5 of the Dungeon
  2865 | D:4      | Reached skill level 5 in Unarmed Combat
  2870 | D:4      | Reached XP level 8. HP: 30/61 MP: 8/8
  2996 | D:3      | Found a runed translucent gate.
  2996 | D:3      | Found a runed translucent gate.
  2999 | D:3      | Found a runed translucent gate.
  3001 | D:3      | Noticed blundermoth's ghost (amateur OpAl)
  3463 | D:3      | Found a faded altar of an unknown god.
  3703 | D:3      | Killed blundermoth's ghost
  3712 | D:3      | Reached skill level 5 in Shapeshifting
  3760 | D:4      | Noticed Grinder
  3771 | D:4      | Killed Grinder
  3772 | D:4      | Reached skill level 5 in Fighting
  3830 | D:4      | HP: 1/51 [centaur (3)]
  4717 | D:4      | Noticed Edmund
  4726 | D:4      | Killed Edmund
  5035 | D:5      | Noticed Blork the orc
  5038 | D:5      | Killed Blork the orc
  5374 | D:6      | Gained mutation: You have sharp fingernails. [demonic
                  | ancestry]
  5374 | D:6      | Reached XP level 9. HP: 52/69 MP: 9/9
  5994 | D:7      | Noticed Pikel
  6153 | D:7      | Killed Pikel
  7458 | D:8      | Gained mutation: You are mostly covered in thin metallic
                  | scales. (AC +3) [demonic ancestry]
  7458 | D:8      | Reached XP level 10. HP: 58/80 MP: 10/10
  7885 | D:7      | Gained mutation: Your body sometimes deteriorates upon
                  | taking damage. [potion of mutation]
  7885 | D:7      | Gained mutation: You have a pair of small antennae on your
                  | head. [potion of mutation]
  7885 | D:7      | Slain by a killer bee

Illustrated notes

Levels and vault maps discovered:
D:1:      heliophobic_arrival_battle_scene, layout_loops_cross,
          serial_bayou_pond_d, minmay_cut_off
D:2:      layout_loops_ring
D:3:      layout_loops_ring, chequers_ecumenical_altar_grove,
          gammafunk_ghost_split, kennysheep_pointless_box, uniq_sigmund
D:4:      nicolae_cairo_tiling, layout_basic, uniq_grinder, uniq_edmund
D:5:      layout_basic, uniq_blork_the_orc
D:6:      layout_basic, minmay_temple_entry_mist, uniq_menkaure
D:7:      layout_rooms, uniq_pikel
D:8:      layout_cave_pods
Temple:   nicolae_temple_bog_church

Skill      XL: |  1  2  3  4  5  6  7  8  9 10 |
---------------+-------------------------------+-----
Dodging        | 2 3 4 |  4.4
Unarmed Combat | 3 4 5 6 7 8 |  8.0
Shapeshifting  | 3 4 5 7 |  7.4
Fighting       | 2 3 4 6 8 |  8.2

Action                     |  1- 3 |  4- 6 |  7- 9 | 10-12 || total
---------------------------+-------+-------+-------+-------++-------
  Melee: Unarmed           |   158 |    25 |   478 |    23 ||   684
         Punch             |     5 |     3 |     6 |       ||    14
Ability: Begin Untransform |       |       |     1 |       ||     1
  Evoke: Wand              |       |     5 |     5 |     3 ||    13
    Use: Potion            |     3 |       |     2 |     4 ||     9
   Stab: Sleeping          |     1 |       |     1 |       ||     2
 Armour: Animal skin       |    62 |    12 |    69 |       ||   143
         Skin              |     1 |       |   169 |    33 ||   203
  Dodge: Dodged            |    68 |    18 |   422 |    52 ||   560
   Form: Flux              |       |       |     1 |       ||     1
